 Dungeon Crawl Stone Soup version 0.27.0-66-gdc8fb28755 (webtiles) character file.

Game seed: 3153075742013359010

566 pkoi the Ruffian (level 7, -5/99 HPs)
             Began as a Troll Fighter on Aug 19, 2021.
             Slain by a boulder beetle (20 damage)
             ... on level 6 of the Dungeon.
             The game lasted 00:03:30 (2273 turns).

pkoi the Ruffian (Troll Fighter)                    Turns: 2273, Time: 00:03:31

Health: -5/99      AC: 23    Str: 24 (27) XL:     7   Next: 10%
Magic:  6/6        EV:  1    Int:  1 (4)  God:
Gold:   148        SH:  9    Dex:  6 (9)  Spells: 6/6 levels left

rFire    . . .     SeeInvis .     - Unarmed
rCold    . . .     Faith    .   b - +0 kite shield
rNeg     + + +     Spirit   .   (armour currently unavailable)
rPois    +         Reflect  .   (helmet currently unavailable)
rElec    .         Harm     .   (cloak currently unavailable)
rCorr    .         Rampage  .   (gloves unavailable)
Will     .....     NoTele   +   (boots unavailable)
Stlth    +.........             (no amulet)
HPRegen  1.26/turn              (no ring)
MPRegen  0.10/turn              (no ring)

@: brilliant, tree-form
A: stationary, stasis, torment immunity, boosted hp, large, unfitting armour,
(claws 3), regeneration 1, (shaggy fur 1), (tough skin 1)
a: no special abilities


You were on level 6 of the Dungeon.
You were a tree.
You visited 1 branch of the dungeon, and saw 5 of its levels.

You collected 148 gold pieces.

Inventory:

Missiles
 j - 27 poisoned darts (quivered)
Armour
 a - a +0 robe (melded)
 b - a +0 kite shield (worn)
Jewellery
 l - a ring of fire
Wands
 g - a wand of polymorph (6)
Scrolls
 d - 2 scrolls of teleportation
 n - a scroll of identify
Potions
 c - 2 potions of might
 e - 3 potions of flight
 f - a potion of lignification
 i - 4 potions of curing
 k - 2 potions of heal wounds {unknown}
 m - a potion of magic {unknown}


   Skills:
 - Level 2.4 Fighting
 - Level 2.4 Dodging
 + Level 4.4 Shields
 * Level 6.4 Unarmed Combat


You had 6 spell levels left.
You didn't know any spells.
Your spell library was empty.

Dungeon Overview and Level Annotations

Branches:
Dungeon (4/15)
 Temple: D:4-7

Altars:


Innate Abilities, Weirdness & Mutations

You are a tree.
Your roots penetrate the ground, keeping you stationary.
You cannot be teleported.
You are immune to unholy pain and torment.
Your maximum health is greatly increased.
Your equipment is partially melded.
You are too large for most types of armour.
((You have claws for hands.))
Your natural rate of healing is unusually fast.
((You are covered in fur. (AC +1)))
((You have tough skin. (AC +1)))


Message History

You block the orc's attack.
You claw the orc!
You kill the orc!
An orc warrior comes into view. It is wielding a +0 battleaxe.
An orc comes into view. It is wielding a +0 club.
The boulder beetle hits you!
The boulder beetle stops rolling and uncurls.
The orc shouts!
Things that are here:
a +0 dagger; a +0 leather armour; an orc corpse You scratch the boulder beetle but do no damage.
The boulder beetle bites you!!
You are too injured to fight recklessly!
You are too injured to fight recklessly!
You are too injured to fight recklessly!
You claw the boulder beetle!
The boulder beetle is moderately wounded.
Your extra speed is starting to run out.
You scratch the boulder beetle but do no damage.
The boulder beetle is moderately wounded.
You block the boulder beetle's attack.
You scratch the boulder beetle but do no damage.
The boulder beetle is lightly wounded.
The boulder beetle bites you!!
* * * LOW HITPOINT WARNING * * *
You scratch the boulder beetle but do no damage.
The boulder beetle is lightly wounded.
You claw the boulder beetle!
The boulder beetle is moderately wounded.
The boulder beetle barely misses you.
It was a potion of lignification.
You turn into a tree.
Your +0 robe melds into your body.
Your roots penetrate the ground.
It was a potion of flight.
Your roots keep you in place.
You feel yourself slow down. You block the boulder beetle's attack.
It was a potion of degeneration.
There was something very wrong with that liquid.
You feel weakened.
You feel dopey.
You feel clumsy. The boulder beetle bites you!!
You die...

#...# #...# #...#
#...# .#.
####...#####. ...#
#............
#..###............
#oB♣............
#.#####...#####
... #...# =.###
###...### # #.
#.......# .### #
#.....)#.# #.....
#.#.#..##.# #. ...
.. #....##)# #. #
. .#.#.#.###.###.
#.#


You could see a boulder beetle and an orc warrior.

Vanquished Creatures
  Edmund (D:6)
  A black bear (D:4)
  A hound (D:4)
  Natasha (thrice) (D:2)
  3 iguanas (D:6)
  2 orc wizards (D:3)
  A hound skeleton (D:2)
  A gnoll (D:1)
  3 adders
  A worm (D:2)
  A dart slug (D:1)
  6 orcs
  3 ball pythons
  8 bats
  5 endoplasms (D:1)
  2 giant cockroaches
  4 goblins
  5 hobgoblins
  6 jackals
  A quokka (D:2)
  4 frilled lizards
  5 kobolds
  6 rats
73 creatures vanquished.

Notes
Turn   | Place    | Note
-------+----------+-------------------------------------------
     0 | D:1      | pkoi the Troll Fighter began the quest for the Orb.
     0 | D:1      | Reached XP level 1. HP: 22/22 MP: 0/0
    57 | D:1      | Reached XP level 2. HP: 27/29 MP: 1/1
   169 | D:1      | Reached skill level 3 in Unarmed Combat
   191 | D:1      | Reached XP level 3. HP: 36/36 MP: 2/2
   194 | D:1      | You fall into a shaft and drop 1 floor!
   592 | D:1      | Found a faded altar of an unknown god.
   592 | D:1      | Found a faded altar of an unknown god.
   734 | D:2      | Noticed Natasha
   742 | D:2      | Killed Natasha
   743 | D:2      | Reached XP level 4. HP: 43/44 MP: 3/3
   980 | D:2      | Reached skill level 4 in Unarmed Combat
  1097 | D:2      | Noticed Natasha
  1101 | D:2      | Killed Natasha
  1148 | D:2      | Reached XP level 5. HP: 50/50 MP: 4/4
  1241 | D:2      | Noticed Natasha
  1250 | D:2      | Killed Natasha
  2087 | D:4      | Noticed a black bear
  2098 | D:4      | Reached skill level 5 in Unarmed Combat
  2114 | D:3      | Reached XP level 6. HP: 30/59 MP: 5/5
  2168 | D:4      | You fall into a shaft and drop 2 floors!
  2212 | D:6      | Reached skill level 6 in Unarmed Combat
  2213 | D:6      | Noticed Edmund
  2234 | D:6      | Killed Edmund
  2235 | D:6      | Reached XP level 7. HP: 57/66 MP: 6/6
  2258 | D:6      | Noticed a boulder beetle
  2273 | D:6      | Slain by a boulder beetle

Illustrated notes

Levels and vault maps discovered:
D:1:      dpeg_arrival_tiny_g, layout_loops_ring,
          hellmonk_ecumenical_altar_the_god_not_taken
D:2:      layout_loops_cross, minmay_pentomino_v4, uniq_natasha
D:3:      layout_loops_cross, kennysheep_generic_room_14
D:4:      layout_rooms, nicolae_ashenzari_skybound, kennysheep_mini_moat
D:6:      layout_loops_cross, minmay_microvault, uniq_grinder, uniq_edmund,
          uniq_blork_the_orc, uniq_pikel, uniq_eustachio

Skill      XL: |  1  2  3  4  5  6 |
---------------+-------------------+-----
Unarmed Combat | 3 4 5 6 |  6.4
Shields        | 3 4 |  4.4
Fighting       | |  2.4
Dodging        | |  2.4

Action                   |  1- 3 |  4- 6 |  7- 9 || total
-------------------------+-------+-------+-------++-------
Melee: Unarmed           |    74 |   135 |     8 ||   217
  Use: Scroll            |       |     4 |       ||     4
       Potion            |       |     2 |     3 ||     5
 Stab: Sleeping          |     1 |       |       ||     1
Armor: Robe              |    35 |    45 |       ||    80
Dodge: Dodged            |    35 |    41 |     1 ||    77
Block: Kite shield       |    43 |    62 |     3 ||   108
